[ AOE2 MATCH · #485209326 ]
Team RMBengalis vs Japanese
[ REPLAY ANALYSIS · EXTRACTED FROM THE RECORDED GAME ]
Feudal
13:56
Castle
20:50
Imperial
—
| APM avg | 29.0 |
| APM peak | 101 |
| eAPM avg | 10.0 |
| Villagers / military | 82 / 61 |
Focus
⚔️ 23.4% · 🌾 76.6%
Militia ×22 · Spearman ×15 · Ratha (Ranged) ×15 · Armored Elephant ×6 · Monk ×3
Feudal
10:39
Castle
19:58
Imperial
34:02
| APM avg | 14.3 |
| APM peak | 80 |
| eAPM avg | 13.5 |
| Villagers / military | 75 / 1 |
Focus
⚔️ 7.6% · 🌾 92.4%
Trade Cart ×3 · Monk ×1
Feudal
10:39
Castle
22:49
Imperial
—
| APM avg | 36.6 |
| APM peak | 508 |
| eAPM avg | 21.7 |
| Villagers / military | 95 / 17 |
Focus
⚔️ 20.4% · 🌾 79.6%
Militia ×12 · Knight ×5
Feudal
12:02
Castle
24:04
Imperial
39:27
| APM avg | 17.7 |
| APM peak | 35 |
| eAPM avg | 13.2 |
| Villagers / military | 137 / 28 |
Focus
⚔️ 12.1% · 🌾 87.9%
Conquistador ×14 · Monk ×5 · Knight ×4 · Missionary ×4 · Trebuchet (Packed) ×1
Feudal
9:13
Castle
17:45
Imperial
—
| APM avg | 18.1 |
| APM peak | 68 |
| eAPM avg | 8.1 |
| Villagers / military | 47 / 18 |
Focus
⚔️ 30.1% · 🌾 69.9%
Archer ×7 · Chakram Thrower ×5 · Militia ×4 · Skirmisher ×1 · Armored Elephant ×1
Feudal
13:58
Castle
20:40
Imperial
40:57
| APM avg | 27.1 |
| APM peak | 131 |
| eAPM avg | 13.1 |
| Villagers / military | 110 / 27 |
Focus
⚔️ 13.8% · 🌾 86.2%
Knight ×19 · Trade Cart ×10 · Battering Ram ×5 · Leitis ×3
Match map
Initial resources + every placement click. Lines = walls · curves = elevation contours. ◆ gold · ⬟ stone · ● berries · ✦ relic · ◌ wall gap
Your base· Open — unwalled flank
Arash_rfe's base· Open — unwalled flank
####Wins's base· Open — 7t gap
estebanpa's base· Open — 2t gap
Mopets do bronx's base· Open — unwalled flank
Seraphine's base· Open — unwalled flank
Smoothed initial terrain · ◌ = detected wall gap · hover for details
Inputs per minute
— NDF - - Arash_rfe
Build order — NDF
First 150 of 231 actions detected
| 0:09 | Build | House |
| 0:10 | Build | House |
| 0:13 | Create | Villager (Male) |
| 0:13 | Create | Villager (Male) |
| 0:13 | Create | Villager (Male) |
| 0:13 | Create | Villager (Male) |
| 0:14 | Create | Villager (Male) |
| 1:55 | Create | Villager (Male) |
| 2:19 | Create | Villager (Male) |
| 2:38 | Create | Villager (Male) |
| 3:03 | Create | Villager (Male) |
| 3:28 | Create | Villager (Male) |
| 3:44 | Build | House |
| 3:47 | Create | Villager (Male) |
| 4:19 | Create | Villager (Male) |
| 4:30 | Build | Mill |
| 4:32 | Create | Villager (Male) |
| 5:09 | Create | Villager (Male) |
| 5:36 | Create | Villager (Male) |
| 6:02 | Build | House |
| 6:11 | Create | Villager (Male) |
| 6:32 | Create | Villager (Male) |
| 6:54 | Create | Villager (Male) |
| 7:20 | Build | Mining Camp |
| 7:27 | Create | Villager (Male) |
| 7:53 | Create | Villager (Male) |
| 8:14 | Create | Villager (Male) |
| 8:21 | Research | Loom |
| 8:38 | Create | Villager (Male) |
| 8:48 | Build | House |
| 8:53 | Create | Villager (Male) |
| 9:15 | Build | Lumber Camp |
| 9:30 | Create | Villager (Male) |
| 10:03 | Create | Villager (Male) |
| 10:17 | Build | Farm |
| 10:19 | Create | Villager (Male) |
| 11:01 | Build | Mining Camp |
| 11:46 | Research | Feudal Age |
| 12:03 | Build | Farm |
| 12:18 | Build | Farm |
| 12:41 | Build | House |
| 12:51 | Build | Farm |
| 13:31 | Build | Farm |
| 13:40 | Create | Villager (Male) |
| 13:56 | Age | Feudal Age |
| 14:12 | Create | Villager (Male) |
| 14:43 | Create | Villager (Male) |
| 14:52 | Build | House |
| 14:55 | Create | Villager (Male) |
| 15:11 | Build | Market |
| 15:20 | Build | Blacksmith |
| 15:23 | Create | Villager (Male) |
| 15:31 | Build | House |
| 15:36 | Create | Villager (Male) |
| 15:58 | Research | Wheelbarrow |
| 16:12 | Build | Barracks |
| 16:35 | Build | Mining Camp |
| 16:39 | Create | Villager (Male) |
| 16:50 | Build | Farm |
| 16:55 | Build | Farm |
| 16:59 | Build | Farm |
| 17:05 | Build | Farm |
| 17:15 | Build | Farm |
| 17:20 | Build | Farm |
| 18:10 | Research | Castle Age |
| 18:25 | Build | Mining Camp |
| 18:45 | Build | Watch Tower |
| 18:48 | Create | Spearman |
| 18:49 | Create | Spearman |
| 18:50 | Create | Spearman |
| 19:31 | Research | Man-at-Arms (upgrade) |
| 19:33 | Create | Militia |
| 19:33 | Create | Militia |
| 20:15 | Build | Watch Tower |
| 20:25 | Create | Militia |
| 20:26 | Create | Militia |
| 20:35 | Research | Horse Collar |
| 20:48 | Research | Gold Mining |
| 20:50 | Age | Castle Age |
| 21:00 | Create | Villager (Male) |
| 21:00 | Create | Villager (Male) |
| 21:14 | Build | Town Center |
| 21:32 | Research | Gambesons |
| 21:44 | Build | Monastery |
| 21:50 | Create | Villager (Male) |
| 21:52 | Create | Villager (Male) |
| 22:12 | Build | House |
| 22:16 | Create | Villager (Male) |
| 22:20 | Build | Farm |
| 22:24 | Create | Villager (Male) |
| 22:52 | Build | House |
| 22:59 | Build | Farm |
| 23:07 | Create | Villager (Male) |
| 23:13 | Create | Villager (Male) |
| 23:15 | Create | Villager (Male) |
| 23:36 | Build | Castle |
| 23:54 | Create | Militia |
| 23:55 | Create | Militia |
| 23:58 | Create | Militia |
| 23:59 | Create | Militia |
| 24:08 | Create | Villager (Male) |
| 24:14 | Build | Farm |
| 24:19 | Build | Farm |
| 24:22 | Build | Farm |
| 25:33 | Build | Castle |
| 25:39 | Research | Hand Cart |
| 25:47 | Research | Stone Mining |
| 26:02 | Create | Villager (Male) |
| 26:05 | Create | Villager (Male) |
| 26:05 | Create | Villager (Male) |
| 26:14 | Create | Militia |
| 26:31 | Create | Villager (Male) |
| 26:36 | Build | Farm |
| 26:43 | Create | Villager (Male) |
| 26:51 | Build | Barracks |
| 27:02 | Create | Monk |
| 27:13 | Research | Double-Bit Axe |
| 27:19 | Create | Villager (Male) |
| 27:19 | Create | Villager (Male) |
| 27:24 | Build | Farm |
| 27:42 | Create | Villager (Male) |
| 27:44 | Create | Villager (Male) |
| 28:02 | Create | Monk |
| 28:14 | Research | Squires |
| 28:15 | Research | Pikeman (upgrade) |
| 28:25 | Build | Barracks |
| 28:49 | Build | Farm |
| 28:54 | Create | Villager (Male) |
| 28:55 | Create | Villager (Male) |
| 28:56 | Create | Villager (Male) |
| 29:01 | Create | Villager (Male) |
| 29:02 | Create | Villager (Male) |
| 29:02 | Create | Villager (Male) |
| 29:09 | Build | Farm |
| 29:19 | Create | Militia |
| 29:19 | Create | Militia |
| 29:20 | Create | Militia |
| 29:45 | Create | Ratha (Ranged) |
| 29:45 | Create | Ratha (Ranged) |
| 29:45 | Create | Ratha (Ranged) |
| 29:46 | Create | Ratha (Ranged) |
| 30:03 | Create | Militia |
| 30:03 | Create | Militia |
| 30:04 | Create | Militia |
| 30:23 | Create | Ratha (Ranged) |
| 30:23 | Create | Ratha (Ranged) |
| 30:24 | Create | Ratha (Ranged) |
| 30:24 | Create | Ratha (Ranged) |
| 30:25 | Create | Ratha (Ranged) |
| 30:49 | Create | Spearman |
Build order — Arash_rfe
First 150 of 180 actions detected
| 0:27 | Research | Loom |
| 0:57 | Create | Villager (Male) |
| 1:31 | Create | Villager (Male) |
| 3:29 | Create | Villager (Male) |
| 3:29 | Create | Villager (Male) |
| 3:29 | Create | Villager (Male) |
| 3:30 | Create | Villager (Male) |
| 3:30 | Create | Villager (Male) |
| 4:02 | Build | Mining Camp |
| 4:12 | Build | Mill |
| 4:18 | Create | Villager (Male) |
| 4:18 | Create | Villager (Male) |
| 4:22 | Build | House |
| 5:04 | Create | Villager (Male) |
| 5:05 | Create | Villager (Male) |
| 5:27 | Create | Villager (Male) |
| 5:27 | Create | Villager (Male) |
| 7:33 | Create | Villager (Male) |
| 8:05 | Build | Lumber Camp |
| 8:29 | Research | Feudal Age |
| 9:33 | Build | House |
| 9:36 | Build | House |
| 9:44 | Create | Villager (Male) |
| 9:45 | Create | Villager (Male) |
| 9:45 | Create | Villager (Male) |
| 9:45 | Create | Villager (Male) |
| 9:45 | Create | Villager (Male) |
| 10:39 | Age | Feudal Age |
| 11:31 | Build | Mill |
| 12:43 | Create | Villager (Male) |
| 12:43 | Create | Villager (Male) |
| 12:44 | Create | Villager (Male) |
| 12:49 | Build | Mining Camp |
| 13:25 | Create | Villager (Male) |
| 13:25 | Create | Villager (Male) |
| 13:43 | Build | Blacksmith |
| 15:19 | Build | Market |
| 16:11 | Build | Mining Camp |
| 16:38 | Build | Farm |
| 16:39 | Build | Farm |
| 16:40 | Build | Farm |
| 16:40 | Build | Farm |
| 16:41 | Build | Farm |
| 17:18 | Research | Castle Age |
| 17:48 | Build | House |
| 17:52 | Build | House |
| 17:54 | Build | House |
| 17:56 | Build | House |
| 18:02 | Build | House |
| 18:03 | Build | House |
| 18:05 | Build | House |
| 18:10 | Build | House |
| 18:14 | Build | House |
| 18:17 | Build | House |
| 18:27 | Research | Horse Collar |
| 18:34 | Build | Farm |
| 19:09 | Build | Barracks |
| 19:29 | Research | Double-Bit Axe |
| 19:58 | Age | Castle Age |
| 20:02 | Create | Villager (Male) |
| 20:02 | Create | Villager (Male) |
| 20:18 | Build | University |
| 20:22 | Build | Farm |
| 20:31 | Build | Farm |
| 20:35 | Create | Villager (Male) |
| 20:43 | Build | Monastery |
| 20:47 | Build | Farm |
| 21:07 | Build | Farm |
| 21:13 | Create | Villager (Male) |
| 22:05 | Create | Monk |
| 22:14 | Build | Archery Range |
| 22:24 | Build | Farm |
| 22:24 | Build | Farm |
| 22:27 | Build | Farm |
| 22:28 | Build | Farm |
| 22:31 | Create | Villager (Male) |
| 22:32 | Create | Villager (Male) |
| 22:59 | Research | Heavy Plow |
| 23:35 | Create | Villager (Male) |
| 23:36 | Create | Villager (Male) |
| 24:03 | Build | Lumber Camp |
| 24:12 | Build | Farm |
| 24:12 | Build | Farm |
| 24:13 | Build | Farm |
| 24:15 | Build | Farm |
| 24:21 | Create | Villager (Male) |
| 25:13 | Create | Trade Cart |
| 25:48 | Create | Villager (Male) |
| 25:50 | Create | Villager (Male) |
| 25:58 | Research | Bow Saw |
| 27:15 | Build | Castle |
| 27:30 | Build | Town Center |
| 27:41 | Research | Stone Mining |
| 27:43 | Research | Gold Mining |
| 28:11 | Research | Wheelbarrow |
| 28:30 | Research | Stone Shaft Mining |
| 28:45 | Research | Ballistics |
| 29:52 | Research | Hand Cart |
| 30:24 | Build | Farm |
| 30:24 | Build | Farm |
| 30:24 | Build | Farm |
| 30:24 | Build | Farm |
| 30:31 | Create | Villager (Male) ×15 |
| 30:32 | Create | Villager (Male) |
| 30:52 | Research | Imperial Age |
| 30:54 | Create | Villager (Male) |
| 31:02 | Create | Trade Cart |
| 31:04 | Create | Trade Cart |
| 31:44 | Create | Villager (Male) ×6 |
| 32:00 | Build | House |
| 32:01 | Build | House |
| 32:01 | Build | House |
| 32:02 | Build | House |
| 32:02 | Build | House |
| 32:02 | Build | House |
| 32:03 | Build | House |
| 32:03 | Build | House |
| 32:03 | Build | House |
| 32:04 | Build | House |
| 32:04 | Build | House |
| 32:04 | Build | House |
| 32:11 | Research | Padded Archer Armor |
| 32:18 | Create | Villager (Male) |
| 32:19 | Create | Villager (Male) |
| 32:34 | Build | Farm |
| 32:59 | Build | Farm |
| 34:02 | Age | Imperial Age |
| 34:11 | Create | Villager (Male) ×15 |
| 34:14 | Build | Farm |
| 34:25 | Build | Castle |
| 35:01 | Build | Town Center |
| 35:09 | Research | Leather Archer Armor |
| 35:10 | Research | Fletching |
| 35:16 | Research | Masonry |
| 36:05 | Build | Mining Camp |
| 36:43 | Build | Farm |
| 36:43 | Build | Farm |
| 36:43 | Build | Farm |
| 36:43 | Build | Farm |
| 36:43 | Build | Farm |
| 36:43 | Build | Farm |
| 36:43 | Build | Farm |
| 36:43 | Build | Farm |
| 36:43 | Build | Farm |
| 36:43 | Build | Farm |
| 36:43 | Build | Farm |
| 36:43 | Build | Farm |
| 36:43 | Build | Farm |
| 36:44 | Build | Farm |
| 36:44 | Build | Farm |
Build order — ####Wins
First 150 of 207 actions detected
| 0:03 | Research | Loom |
| 0:03 | Create | Villager (Male) |
| 0:04 | Create | Villager (Male) |
| 0:08 | Build | House |
| 0:32 | Create | Villager (Male) |
| 0:32 | Create | Villager (Male) |
| 0:44 | Build | House |
| 0:45 | Build | House |
| 0:47 | Build | House |
| 0:53 | Build | House |
| 1:25 | Build | House |
| 1:26 | Build | House |
| 2:02 | Create | Villager (Male) |
| 2:12 | Build | Mill |
| 2:35 | Create | Villager (Male) |
| 3:03 | Create | Villager (Male) |
| 3:17 | Create | Villager (Male) |
| 3:54 | Create | Villager (Male) |
| 4:06 | Create | Villager (Male) |
| 4:23 | Create | Villager (Male) |
| 4:33 | Create | Villager (Male) |
| 4:57 | Create | Villager (Male) |
| 5:27 | Create | Villager (Male) |
| 6:09 | Create | Villager (Male) |
| 6:10 | Create | Villager (Male) |
| 6:23 | Create | Villager (Male) |
| 7:10 | Create | Villager (Male) |
| 7:30 | Build | Lumber Camp |
| 7:36 | Create | Villager (Male) |
| 7:55 | Create | Villager (Male) |
| 7:56 | Create | Villager (Male) |
| 8:21 | Research | Feudal Age |
| 9:00 | Create | Villager (Male) |
| 9:00 | Create | Villager (Male) |
| 9:30 | Create | Villager (Male) |
| 9:53 | Build | House |
| 9:55 | Build | House |
| 9:58 | Build | House |
| 10:00 | Build | House |
| 10:39 | Age | Feudal Age |
| 10:48 | Build | Farm |
| 10:49 | Build | Farm |
| 10:51 | Build | Farm |
| 10:53 | Build | Farm |
| 10:55 | Build | Farm |
| 11:06 | Create | Villager (Male) |
| 11:08 | Research | Wheelbarrow |
| 11:11 | Research | Double-Bit Axe |
| 11:22 | Research | Town Watch |
| 11:42 | Create | Villager (Male) |
| 11:44 | Create | Villager (Male) |
| 11:44 | Create | Villager (Male) |
| 11:54 | Build | Mining Camp |
| 12:20 | Build | Barracks |
| 12:49 | Research | Gold Mining |
| 13:31 | Build | Farm |
| 13:33 | Create | Militia |
| 13:34 | Create | Militia |
| 13:34 | Create | Militia |
| 13:38 | Build | Farm |
| 14:06 | Build | Farm |
| 14:09 | Create | Villager (Male) |
| 14:33 | Build | Market |
| 14:36 | Build | Blacksmith |
| 14:42 | Create | Villager (Male) |
| 15:02 | Create | Militia |
| 15:02 | Create | Militia |
| 15:10 | Build | Stone Wall |
| 15:12 | Build | Gate |
| 15:15 | Build | Gate |
| 15:18 | Build | Farm |
| 15:22 | Create | Villager (Male) |
| 15:24 | Build | Farm |
| 15:33 | Create | Militia |
| 15:41 | Build | Farm |
| 15:42 | Build | Farm |
| 15:59 | Create | Villager (Male) |
| 16:05 | Build | Farm |
| 16:27 | Create | Militia |
| 16:29 | Create | Militia |
| 16:33 | Build | Farm |
| 16:36 | Build | Farm |
| 16:44 | Build | Farm |
| 16:48 | Create | Villager (Male) |
| 16:50 | Create | Villager (Male) |
| 17:08 | Build | Farm |
| 17:17 | Build | Farm |
| 17:21 | Build | Farm |
| 17:22 | Build | Farm |
| 17:23 | Build | Farm |
| 17:39 | Create | Villager (Male) |
| 17:40 | Create | Villager (Male) |
| 17:44 | Build | Farm |
| 17:57 | Build | House |
| 18:05 | Build | House |
| 18:06 | Build | House |
| 18:08 | Build | House |
| 18:13 | Create | Villager (Male) |
| 18:13 | Create | Villager (Male) |
| 18:19 | Research | Man-at-Arms (upgrade) |
| 18:26 | Build | Farm |
| 18:36 | Build | House |
| 18:41 | Build | House |
| 18:44 | Build | House |
| 18:47 | Create | Villager (Male) |
| 18:54 | Build | Farm |
| 18:56 | Build | Farm |
| 19:03 | Create | Villager (Male) |
| 19:03 | Create | Villager (Male) |
| 19:12 | Build | Palisade Wall |
| 19:25 | Build | Farm |
| 19:57 | Build | Mining Camp |
| 20:03 | Research | Castle Age |
| 20:09 | Research | Scale Mail Armor |
| 20:23 | Build | Stone Wall |
| 20:34 | Research | Stone Mining |
| 20:38 | Create | Villager (Male) |
| 20:38 | Create | Villager (Male) |
| 20:55 | Research | Forging |
| 21:10 | Create | Militia |
| 21:17 | Build | Farm |
| 21:41 | Build | Stable |
| 21:50 | Create | Villager (Male) |
| 21:50 | Create | Villager (Male) |
| 21:50 | Create | Villager (Male) |
| 22:08 | Create | Militia |
| 22:09 | Create | Militia |
| 22:11 | Create | Militia |
| 22:25 | Build | Gate |
| 22:47 | Create | Villager (Male) |
| 22:49 | Age | Castle Age |
| 22:50 | Research | Town Patrol |
| 22:56 | Create | Villager (Male) |
| 22:57 | Create | Villager (Male) |
| 22:57 | Create | Villager (Male) |
| 23:03 | Research | Squires |
| 23:24 | Research | Horse Collar |
| 23:30 | Create | Villager (Male) |
| 23:31 | Create | Villager (Male) |
| 24:10 | Research | Gold Shaft Mining |
| 24:12 | Create | Villager (Male) |
| 24:13 | Create | Villager (Male) |
| 24:13 | Create | Villager (Male) |
| 24:13 | Create | Villager (Male) |
| 24:14 | Create | Villager (Male) |
| 24:55 | Build | Stone Wall |
| 25:00 | Research | Bow Saw |
| 25:13 | Research | Long Swordsman (upgrade) |
| 25:17 | Create | Villager (Male) |
| 25:23 | Research | Heavy Plow |
Build order — estebanpa
First 150 of 296 actions detected
| 0:02 | Create | Villager (Male) |
| 0:03 | Create | Villager (Male) |
| 0:05 | Build | House |
| 0:07 | Build | House |
| 0:08 | Create | Villager (Male) |
| 0:09 | Create | Villager (Male) |
| 0:09 | Create | Villager (Male) |
| 1:31 | Build | Lumber Camp |
| 1:33 | Create | Villager (Male) |
| 1:34 | Create | Villager (Male) |
| 2:11 | Create | Villager (Male) |
| 2:12 | Create | Villager (Male) |
| 2:47 | Create | Villager (Male) |
| 2:47 | Create | Villager (Male) |
| 3:11 | Create | Villager (Male) |
| 3:11 | Create | Villager (Male) |
| 3:16 | Create | Villager (Male) |
| 3:16 | Create | Villager (Male) |
| 3:51 | Build | House |
| 3:54 | Build | House |
| 3:58 | Create | Villager (Male) |
| 3:58 | Create | Villager (Male) |
| 4:25 | Create | Villager (Male) |
| 4:26 | Create | Villager (Male) |
| 5:01 | Create | Villager (Male) |
| 5:31 | Create | Villager (Male) |
| 5:31 | Create | Villager (Male) |
| 6:10 | Create | Villager (Male) |
| 6:11 | Create | Villager (Male) |
| 6:11 | Create | Villager (Male) |
| 7:16 | Create | Villager (Male) |
| 7:28 | Create | Villager (Male) |
| 7:40 | Build | Mill |
| 7:45 | Create | Villager (Male) |
| 8:43 | Build | Mining Camp |
| 8:58 | Build | Mining Camp |
| 9:01 | Create | Villager (Male) |
| 9:01 | Create | Villager (Male) |
| 9:25 | Research | Feudal Age |
| 9:32 | Build | House |
| 10:16 | Research | Loom |
| 10:17 | Create | Villager (Male) |
| 10:17 | Create | Villager (Male) |
| 11:33 | Build | Mill |
| 12:02 | Age | Feudal Age |
| 12:17 | Create | Villager (Male) |
| 12:43 | Build | Barracks |
| 12:46 | Create | Villager (Male) |
| 12:50 | Create | Villager (Male) |
| 13:05 | Build | Blacksmith |
| 13:23 | Create | Villager (Male) |
| 13:41 | Build | House |
| 13:47 | Create | Villager (Male) |
| 14:00 | Build | Stable |
| 14:16 | Create | Villager (Male) |
| 15:02 | Create | Villager (Male) |
| 15:44 | Create | Villager (Male) |
| 15:46 | Create | Villager (Male) |
| 16:08 | Build | House |
| 16:21 | Create | Villager (Male) |
| 16:35 | Build | Farm |
| 16:36 | Build | Farm |
| 16:36 | Build | Farm |
| 16:36 | Build | Farm |
| 16:36 | Build | Farm |
| 16:37 | Build | Farm |
| 16:37 | Build | Farm |
| 16:37 | Build | Farm |
| 16:38 | Build | Farm |
| 16:51 | Build | Farm |
| 16:52 | Build | Farm |
| 16:53 | Build | Farm |
| 16:57 | Research | Horse Collar |
| 17:07 | Build | House |
| 17:09 | Build | House |
| 17:11 | Build | House |
| 17:13 | Build | House |
| 17:18 | Build | House |
| 17:21 | Create | Villager (Male) |
| 17:22 | Create | Villager (Male) |
| 17:38 | Build | Farm |
| 17:39 | Build | Farm |
| 17:41 | Build | Farm |
| 17:45 | Build | Farm |
| 17:46 | Build | Farm |
| 17:48 | Build | Farm |
| 17:52 | Create | Villager (Male) |
| 18:28 | Build | Lumber Camp |
| 18:35 | Create | Villager (Male) |
| 18:38 | Create | Villager (Male) |
| 18:53 | Build | House |
| 18:55 | Build | House |
| 18:56 | Build | House |
| 18:58 | Build | House |
| 19:00 | Build | House |
| 19:03 | Build | House |
| 19:05 | Build | House |
| 19:09 | Create | Villager (Male) |
| 19:25 | Build | Farm |
| 19:27 | Build | Farm |
| 19:30 | Build | Farm |
| 19:32 | Build | Farm |
| 19:40 | Create | Villager (Male) |
| 19:54 | Create | Villager (Male) |
| 20:31 | Create | Villager (Male) |
| 20:35 | Research | Castle Age |
| 21:04 | Research | Gold Mining |
| 21:45 | Research | Double-Bit Axe |
| 21:55 | Build | Lumber Camp |
| 22:11 | Build | Stable |
| 22:12 | Build | Stable |
| 22:15 | Build | Stable |
| 22:26 | Research | Scale Barding Armor |
| 22:35 | Build | House |
| 22:37 | Build | House |
| 22:40 | Build | House |
| 22:43 | Build | House |
| 22:45 | Build | House |
| 22:47 | Build | House |
| 22:50 | Build | House |
| 23:02 | Create | Villager (Male) |
| 23:03 | Create | Villager (Male) |
| 23:28 | Research | Bloodlines |
| 23:47 | Research | Stone Mining |
| 24:04 | Age | Castle Age |
| 24:12 | Build | Castle |
| 24:34 | Build | Town Center |
| 24:37 | Research | Bow Saw |
| 24:41 | Research | Heavy Plow |
| 24:43 | Create | Villager (Male) |
| 24:43 | Create | Villager (Male) |
| 24:44 | Create | Villager (Male) |
| 24:44 | Create | Villager (Male) |
| 24:52 | Research | Chain Barding Armor |
| 25:37 | Build | Farm |
| 25:37 | Build | Farm |
| 25:37 | Build | Farm |
| 25:38 | Build | Farm |
| 25:38 | Build | Farm |
| 25:38 | Build | Farm |
| 26:01 | Create | Villager (Male) |
| 26:01 | Create | Villager (Male) |
| 26:02 | Create | Villager (Male) |
| 26:08 | Create | Villager (Male) |
| 26:08 | Create | Villager (Male) |
| 26:09 | Create | Villager (Male) |
| 26:10 | Create | Villager (Male) |
| 26:19 | Build | Farm |
| 26:20 | Build | Farm |
| 26:23 | Create | Villager (Male) |
Build order — Mopets do bronx
127 actions detected in the replay
| 0:03 | Build | House |
| 0:04 | Build | House |
| 0:07 | Build | House |
| 0:08 | Create | Villager (Male) |
| 0:09 | Create | Villager (Male) |
| 0:09 | Create | Villager (Male) |
| 0:09 | Create | Villager (Male) |
| 0:09 | Create | Villager (Male) |
| 1:44 | Create | Villager (Male) |
| 1:44 | Create | Villager (Male) |
| 2:31 | Create | Villager (Male) |
| 2:31 | Create | Villager (Male) |
| 2:31 | Create | Villager (Male) |
| 2:59 | Create | Villager (Male) |
| 2:59 | Create | Villager (Male) |
| 3:33 | Create | Villager (Male) |
| 3:34 | Create | Villager (Male) |
| 4:43 | Create | Villager (Male) |
| 4:44 | Create | Villager (Male) |
| 4:44 | Create | Villager (Male) |
| 4:45 | Create | Villager (Male) |
| 4:59 | Build | Mill |
| 5:48 | Build | Lumber Camp |
| 5:52 | Create | Villager (Male) |
| 7:03 | Research | Feudal Age |
| 7:03 | Research | Feudal Age |
| 7:52 | Build | Mining Camp |
| 8:49 | Build | House |
| 8:52 | Build | House |
| 9:11 | Build | House |
| 9:13 | Age | Feudal Age |
| 9:13 | Build | House |
| 9:22 | Create | Villager (Male) |
| 9:25 | Create | Villager (Male) |
| 9:26 | Create | Villager (Male) |
| 10:43 | Build | Market |
| 12:00 | Build | Blacksmith |
| 13:45 | Build | Mill |
| 13:55 | Build | House |
| 13:56 | Build | House |
| 14:23 | Research | Loom |
| 14:36 | Build | Barracks |
| 15:05 | Research | Castle Age |
| 15:55 | Build | Mining Camp |
| 16:48 | Build | Archery Range |
| 17:33 | Build | Palisade Wall |
| 17:45 | Age | Castle Age |
| 18:16 | Build | Farm |
| 18:16 | Build | Farm |
| 18:17 | Build | Farm |
| 18:17 | Build | Farm |
| 18:17 | Build | Farm |
| 18:17 | Build | Farm |
| 18:17 | Build | Farm |
| 18:28 | Create | Villager (Male) |
| 18:30 | Create | Villager (Male) |
| 18:30 | Create | Villager (Male) |
| 18:31 | Create | Villager (Male) |
| 18:51 | Build | Town Center |
| 20:15 | Create | Militia |
| 20:15 | Create | Militia |
| 20:15 | Create | Militia |
| 20:15 | Create | Militia |
| 20:46 | Research | Double-Bit Axe |
| 20:49 | Create | Villager (Male) |
| 20:49 | Create | Villager (Male) |
| 20:54 | Create | Archer |
| 20:55 | Create | Archer |
| 20:55 | Create | Archer |
| 21:08 | Build | Outpost |
| 21:11 | Research | Town Watch |
| 21:27 | Research | Horse Collar |
| 21:50 | Build | Outpost |
| 22:07 | Research | Man-at-Arms (upgrade) |
| 22:40 | Create | Villager (Male) |
| 23:41 | Build | Watch Tower |
| 24:30 | Build | Watch Tower |
| 26:02 | Build | Siege Workshop |
| 26:18 | Build | Outpost |
| 26:24 | Create | Armored Elephant |
| 26:35 | Build | Archery Range |
| 27:07 | Build | Outpost |
| 27:11 | Create | Villager (Male) |
| 27:11 | Create | Villager (Male) |
| 27:12 | Create | Villager (Male) |
| 27:12 | Create | Villager (Male) |
| 27:12 | Create | Villager (Male) |
| 27:12 | Create | Villager (Male) |
| 27:12 | Create | Villager (Male) |
| 27:13 | Create | Villager (Male) |
| 27:27 | Build | Mining Camp |
| 27:32 | Create | Archer |
| 27:33 | Create | Archer |
| 27:43 | Build | Outpost |
| 28:16 | Build | Watch Tower |
| 28:44 | Build | Farm |
| 28:45 | Build | Farm |
| 28:45 | Build | Farm |
| 28:45 | Build | Farm |
| 28:57 | Create | Villager (Male) |
| 28:57 | Create | Villager (Male) |
| 28:57 | Create | Villager (Male) |
| 28:58 | Create | Villager (Male) |
| 28:58 | Create | Villager (Male) |
| 29:01 | Build | Farm |
| 29:27 | Build | Castle |
| 30:29 | Create | Villager (Male) |
| 30:29 | Create | Villager (Male) |
| 30:29 | Create | Villager (Male) |
| 30:30 | Create | Villager (Male) |
| 30:30 | Create | Villager (Male) |
| 30:59 | Create | Chakram Thrower |
| 30:59 | Create | Chakram Thrower |
| 31:00 | Create | Chakram Thrower |
| 31:12 | Build | House |
| 31:41 | Build | University |
| 32:41 | Research | Murder Holes |
| 32:49 | Build | Lumber Camp |
| 32:58 | Create | Skirmisher |
| 32:59 | Create | Archer |
| 32:59 | Create | Archer |
| 33:08 | Create | Chakram Thrower |
| 33:08 | Create | Chakram Thrower |
| 35:22 | Build | Stable |
| 35:23 | Build | Stable |
| 35:25 | Build | Stable |
| 35:42 | Build | Lumber Camp |
Build order — Seraphine
First 150 of 208 actions detected
| 0:21 | Create | Villager (Male) ×5 |
| 0:21 | Create | Villager (Male) ×5 |
| 0:22 | Create | Villager (Male) |
| 0:33 | Build | House |
| 1:14 | Build | House |
| 2:30 | Create | Villager (Male) ×2 |
| 2:30 | Create | Villager (Male) ×2 |
| 3:14 | Create | Villager (Male) |
| 3:14 | Create | Villager (Male) |
| 3:57 | Create | Villager (Male) ×2 |
| 4:40 | Create | Villager (Male) ×2 |
| 4:40 | Create | Villager (Male) ×2 |
| 4:51 | Build | House |
| 5:32 | Create | Villager (Male) |
| 5:33 | Create | Villager (Male) ×2 |
| 6:24 | Create | Villager (Male) |
| 6:29 | Build | House |
| 6:43 | Create | Villager (Male) |
| 7:40 | Build | Mill |
| 7:57 | Create | Villager (Male) |
| 8:04 | Build | House |
| 8:54 | Build | Lumber Camp |
| 9:05 | Build | House |
| 10:08 | Create | Villager (Male) |
| 10:10 | Create | Villager (Male) |
| 10:37 | Create | Villager (Male) |
| 11:17 | Create | Villager (Male) |
| 11:39 | Research | Feudal Age |
| 11:56 | Build | Mining Camp |
| 13:11 | Build | Farm |
| 13:16 | Build | Farm |
| 13:24 | Build | Farm |
| 13:40 | Build | Barracks |
| 13:51 | Build | Farm |
| 13:58 | Age | Feudal Age |
| 13:58 | Build | Farm |
| 14:07 | Build | Farm |
| 14:14 | Build | Farm |
| 14:16 | Create | Villager (Male) |
| 14:17 | Create | Villager (Male) |
| 14:20 | Create | Villager (Male) |
| 14:21 | Create | Villager (Male) |
| 14:22 | Create | Villager (Male) |
| 14:34 | Build | Farm |
| 14:43 | Build | Farm |
| 14:53 | Build | Farm |
| 15:08 | Build | Farm |
| 15:21 | Create | Villager (Male) |
| 15:45 | Build | Farm |
| 16:07 | Build | Market |
| 16:25 | Create | Villager (Male) |
| 16:36 | Build | House |
| 16:39 | Build | House |
| 16:42 | Build | House |
| 16:44 | Build | House |
| 17:09 | Build | Blacksmith |
| 17:24 | Build | Farm |
| 18:00 | Research | Castle Age |
| 18:07 | Build | Mining Camp |
| 19:02 | Research | Double-Bit Axe |
| 19:09 | Research | Horse Collar |
| 19:13 | Research | Stone Mining |
| 19:17 | Research | Gold Mining |
| 20:40 | Age | Castle Age |
| 20:42 | Create | Villager (Male) ×5 |
| 20:53 | Build | Town Center |
| 21:08 | Research | Bow Saw |
| 21:21 | Create | Villager (Male) |
| 21:38 | Create | Villager (Male) |
| 21:39 | Create | Villager (Male) |
| 22:10 | Create | Villager (Male) |
| 22:34 | Create | Villager (Male) |
| 22:55 | Build | Town Center |
| 23:01 | Create | Villager (Male) |
| 23:03 | Create | Villager (Male) |
| 23:22 | Research | Heavy Plow |
| 23:28 | Create | Villager (Male) |
| 23:32 | Create | Villager (Male) |
| 23:53 | Create | Villager (Male) |
| 23:56 | Create | Villager (Male) |
| 24:00 | Create | Villager (Male) |
| 24:05 | Create | Villager (Male) |
| 24:07 | Build | Farm |
| 24:13 | Create | Villager (Male) |
| 24:15 | Create | Villager (Male) |
| 24:21 | Research | Wheelbarrow |
| 24:22 | Research | Loom |
| 24:45 | Build | Stable |
| 24:48 | Build | Stable |
| 24:59 | Create | Villager (Male) |
| 25:00 | Create | Villager (Male) |
| 25:02 | Create | Villager (Male) |
| 25:03 | Create | Villager (Male) |
| 25:17 | Research | Stone Shaft Mining |
| 25:42 | Create | Villager (Male) |
| 25:44 | Create | Villager (Male) |
| 26:03 | Build | Town Center |
| 26:16 | Create | Villager (Male) |
| 26:17 | Create | Villager (Male) |
| 26:20 | Create | Villager (Male) |
| 26:21 | Create | Villager (Male) |
| 26:47 | Create | Knight |
| 26:54 | Create | Knight |
| 26:59 | Research | Husbandry |
| 27:06 | Build | Farm |
| 27:15 | Build | Farm |
| 27:22 | Build | Farm |
| 27:25 | Create | Knight |
| 27:28 | Create | Villager (Male) |
| 27:34 | Create | Villager (Male) |
| 27:38 | Create | Villager (Male) |
| 27:57 | Build | Mill |
| 28:10 | Create | Villager (Male) |
| 28:18 | Build | House |
| 28:20 | Build | House |
| 28:22 | Build | House |
| 28:23 | Build | House |
| 28:39 | Create | Knight |
| 28:40 | Create | Knight |
| 29:05 | Create | Knight |
| 29:13 | Create | Villager (Male) |
| 29:18 | Create | Villager (Male) |
| 29:19 | Create | Villager (Male) |
| 29:20 | Create | Villager (Male) |
| 29:24 | Create | Villager (Male) |
| 29:25 | Create | Villager (Male) |
| 29:29 | Create | Villager (Male) |
| 29:30 | Create | Villager (Male) |
| 31:17 | Create | Knight |
| 31:18 | Create | Knight |
| 31:20 | Create | Knight |
| 31:21 | Create | Knight |
| 31:22 | Create | Knight |
| 31:55 | Create | Knight |
| 31:55 | Create | Knight |
| 31:57 | Create | Knight |
| 32:25 | Build | Siege Workshop |
| 32:28 | Build | Siege Workshop |
| 32:33 | Build | Siege Workshop |
| 32:51 | Create | Knight |
| 32:52 | Create | Knight |
| 32:54 | Create | Knight |
| 32:56 | Create | Knight |
| 32:57 | Create | Knight |
| 33:27 | Build | Castle |
| 33:31 | Create | Battering Ram |
| 33:36 | Create | Battering Ram |
| 33:38 | Create | Battering Ram |
| 33:50 | Create | Villager (Male) |
| 33:51 | Create | Villager (Male) |
Match timeline
| 9:13 | Mopets do bronx · age_up feudal |
| 10:39 | Arash_rfe · age_up feudal |
| 10:39 | ####Wins · age_up feudal |
| 12:02 | estebanpa · age_up feudal |
| 12:20 | ####Wins · first_building Barracks |
| 12:43 | estebanpa · first_building Barracks |
| 13:40 | Seraphine · first_building Barracks |
| 13:56 | NDF · age_up feudal |
| 13:58 | Seraphine · age_up feudal |
| 14:00 | estebanpa · first_building Stable |
| 14:36 | Mopets do bronx · first_building Barracks |
| 15:10 | ####Wins · wall_segment Stone Wall x6 |
| 16:12 | NDF · first_building Barracks |
| 16:48 | Mopets do bronx · first_building Archery Range |
| 17:33 | Mopets do bronx · wall_segment Palisade Wall x1 |
| 17:45 | Mopets do bronx · age_up castle |
| 18:05 | NDF · first_market_buy 100 food |
| 19:09 | Arash_rfe · first_building Barracks |
| 19:12 | ####Wins · wall_segment Palisade Wall x1 |
| 19:58 | Arash_rfe · age_up castle |
| 20:23 | ####Wins · wall_segment Stone Wall x28 |
| 20:40 | Seraphine · age_up castle |
| 20:43 | Arash_rfe · first_building Monastery |
| 20:50 | NDF · age_up castle |
| 21:41 | ####Wins · first_building Stable |
| 21:44 | NDF · first_building Monastery |
| 22:14 | Arash_rfe · first_building Archery Range |
| 22:49 | ####Wins · age_up castle |
| 23:36 | NDF · first_building Castle |
| 24:04 | estebanpa · age_up castle |
| 24:12 | estebanpa · first_building Castle |
| 24:45 | Seraphine · first_building Stable |
| 24:55 | ####Wins · wall_segment Stone Wall x3 |
| 26:02 | Mopets do bronx · first_building Siege Workshop |
| 27:15 | Arash_rfe · first_building Castle |
| 29:17 | ####Wins · first_building Castle |
| 29:27 | Mopets do bronx · first_building Castle |
| 30:49 | ####Wins · first_market_sell 100 food |
| 32:13 | NDF · first_building Siege Workshop |
| 32:25 | Seraphine · first_building Siege Workshop |
| 33:27 | Seraphine · first_building Castle |
| 33:48 | estebanpa · first_building Monastery |
| 34:02 | Arash_rfe · age_up imperial |
| 35:22 | Mopets do bronx · first_building Stable |
| 36:07 | Mopets do bronx · resign |
| 39:27 | estebanpa · age_up imperial |
| 40:57 | Seraphine · age_up imperial |
[ AI ANALYSIS · 1 CREDIT ]
What really happened in this match?
Wolo.gg analyzes every decision: build order, eco, micro, common mistakes by bracket. Personalized analysis on WhatsApp or Discord in 30 seconds.
Civ guide
Bengalis
Map guide
Arabia
Perfil
NDF